 Dungeon Crawl Stone Soup version 0.27-a0-1612-gde56a17b89 (webtiles) character file.

Game seed: 6233609652886398970

52 Spaninq the Scratcher (level 3, -1/22 HPs)
             Began as a Felid Transmuter on July 21, 2021.
             Frozen to death by an endoplasm (5 damage)
             ... on level 2 of the Dungeon.
             The game lasted 00:02:55 (2232 turns).

Spaninq the Scratcher (Felid Transmuter)            Turns: 2232, Time: 00:02:55

Health: -1/22      AC: 21    Str:  6    XL:     3   Next: 60%
Magic:  7/7        EV:  4    Int: 15    God:
Gold:   80         SH:  0    Dex: 16    Spells: 5/6 levels left
                                        Lives:  0   Deaths: 0

rFire    . . .     SeeInvis +     - Unarmed
rCold    . . .     Faith    .   (shield unavailable)
rNeg     + + +     Spirit   .   (armour unavailable)
rPois    +         Reflect  .   (helmet unavailable)
rElec    .         Harm     .   (cloak unavailable)
rCorr    .         Rampage  .   (gloves unavailable)
Will     .....     NoTele   +   (boots unavailable)
Stlth    +.........             (no amulet)
HPRegen  0.07/turn              (no ring)
MPRegen  0.10/turn              (no ring)

@: tree-form
A: stationary, stasis, torment immunity, boosted hp, very small, (claws 1),
(fangs 3), see invisible, (speed 1), (shaggy fur 1), (stealthy paws), no weapons
or thrown items, no armour, multi-lived
a: no special abilities


You were on level 2 of the Dungeon.
You were a tree.
You visited 1 branch of the dungeon, and saw 2 of its levels.

You collected 80 gold pieces.

Inventory:

Scrolls
 c - a scroll of identify {unknown}
 d - 3 scrolls of torment {unknown}
Potions
 b - a potion of degeneration {unknown}


   Skills:
 + Level 1.5 Fighting
 + Level 3.1 Dodging
 * Level 3.6 Unarmed Combat
 + Level 2.2 Spellcasting
 * Level 3.0 Transmutations


You had 5 spell levels left.
You knew the following spells:

 Your Spells              Type           Power      Damage    Failure   Level
a - Beastly Appendage     Tmut           20%        N/A       6%          1

Your spell library contained the following spells:

 Spells                   Type           Power      Damage    Failure   Level
 Wereblood                Tmut           10%        N/A       10%         2
 Corona                   Hex            1%         N/A       22%         1
 Blink                    Tloc           N/A        N/A       32%         2
 Sublimation of Blood     Necr           0%         N/A       32%         2
 Spider Form              Tmut/Pois      3%         N/A       34%         3
 Lesser Beckoning         Tloc           0%         N/A       54%         3
 Ice Form                 Ice/Tmut       6%         N/A       75%         4
 Manifold Assault         Tloc           1%         N/A       99%         5
 Summon Hydra             Summ           0%         N/A       100%        7


Dungeon Overview and Level Annotations

Branches:
Dungeon (2/15)

Altars:


Innate Abilities, Weirdness & Mutations

You are a tree.
Your roots penetrate the ground, keeping you stationary.
You cannot be teleported.
You are immune to unholy pain and torment.
Your maximum health is greatly increased.
((You have sharp claws.))
((You have razor-sharp teeth.))
You have supernaturally acute eyesight. (SInv)
((You cover ground quickly. (Speed+)))
((You are covered in fur. (AC +1)))
((Your paws help you pounce on unaware monsters.))
You are incapable of wielding weapons or throwing items.
You cannot wear armour.
You gain extra lives every three experience levels.


Message History

You hit the jackal.
You kill the jackal!
A frilled lizard comes into view.
The orc hits you but does no damage.
You barely miss the orc. The giant cockroach barely misses you.
The orc hits you but does no damage.
You smack the orc!
You kill the orc!
The giant cockroach bites you but does no damage. x2
Your Transmutations skill increases to level 3!
You smack the giant cockroach!
You kill the giant cockroach!
You barely miss the frilled lizard.
The jackal bites you but does no damage. x2
The frilled lizard bites you but does no damage.
The frilled lizard hisses angrily.
You smack the frilled lizard!
You kill the frilled lizard!
The jackal barely misses you.
You hit the jackal but do no damage.
The jackal bites you but does no damage.
You hit the jackal.
The jackal is lightly wounded.
The jackal bites you but does no damage.
The jackal barely misses you.
You barely miss the jackal.
The jackal is lightly wounded.
The jackal barely misses you.
You hit the jackal.
You kill the jackal!
The jackal bites you but does no damage.
You completely miss the endoplasm. The endoplasm barely misses you.
The jackal bites you.
* * * LOW HITPOINT WARNING * * *
You hit the endoplasm.
The endoplasm is moderately wounded.
The jackal barely misses you. The endoplasm freezes you.
You are frozen.
You die...

## #### . ...# . ...# #.
#..# #.####..# ... ...#
##.###.##J.# ......lh♣..#
#.##.#.##..########
...##.........#
#.#............# #
...#.##.........#######
..#... #................
.#.#.#.##.#####.#########
....#..... #......<. #
.#. .##..##############


You could see an endoplasm, a jackal and a frilled lizard.

Vanquished Creatures
  An adder (D:2)
  A dart slug (D:1)
  An orc (D:2)
  2 bats
  4 endoplasms
  2 giant cockroaches
  A goblin (D:1)
  4 hobgoblins (D:1)
  2 jackals (D:2)
  4 kobolds
  3 quokkas
  3 ball pythons
  4 frilled lizards
  4 rats
36 creatures vanquished.

Vanquished Creatures (others)
  A fungus (D:1)
1 creature vanquished.

Grand Total: 37 creatures vanquished

Notes
Turn   | Place    | Note
-------+----------+-------------------------------------------
     0 | D:1      | Spaninq the Felid Transmuter began the quest for the Orb.
     0 | D:1      | Reached XP level 1. HP: 9/9 MP: 4/4
   321 | D:1      | Reached XP level 2. HP: 7/12 MP: 4/6
   636 | D:1      | Found a faded altar of an unknown god.
   646 | D:1      | Got Plato's Tome of Bewitchment
  1803 | D:2      | Reached XP level 3. HP: 8/15 MP: 7/7
  2232 | D:2      | Frozen to death by an endoplasm

Illustrated notes

Levels and vault maps discovered:
D:1:      onia_arrival_handbag, layout_loops_corners,
          shapermc_ecumenical_altar_rom_forum
D:2:      layout_basic, hangedman_decor_points, minmay_diced_spiral

Skill      XL: |  1  2  3 |
---------------+----------+-----
Dodging        | 3 |  3.1
Transmutations | 3 |  3.0
Fighting       | |  1.5
Unarmed Combat | |  3.6
Spellcasting   | |  2.2

Action                   || total
-------------------------++-------
Melee: Unarmed           ||    93
       Bite              ||     8
       Headbutt          ||     6
 Cast: Beastly Appendage ||    17
  Use: Potion            ||     1
 Stab: Sleeping          ||     1
Armor: Skin              ||    17
Dodge: Dodged            ||    57

Table legend: (Time is in decaauts)
 A = Elapsed time spent in this place.
 B = Non-inter-level travel time spent in this place.
 C = Inter-level travel time spent in this place.
 D = Time resting spent in this place.
 E = Time spent auto-exploring this place.
 F = Levels seen in this place.
 G = Mean time per level.
                   A        B        C        D        E       F      G
               +--------+--------+--------+--------+--------+-----+--------+
         Total |   2021 |   1991 |     30 |    408 |   1354 |   2 | 1010.5 |
       Dungeon |   2021 |   1991 |     30 |    408 |   1354 |   2 | 1010.5 |
               +--------+--------+--------+--------+--------+-----+--------+

Top non-repeatable levels by time:
     D:1: 1604 daAuts
     D:2: 416 daAuts
